AoeStats
← eze402

Arena

510233381Analyzed
2v2 RM · 18h ago on Sep 30, 2026· 56m 9s· 4 players
Game mode
Random Map
Map size
Medium (4 player)
Population
200
Speed
Normal
Resources
Standard
Victory
Conquest
Starting age
Dark Age
Ending age
Imperial Age
RankedLock teamsTeams togetherTeam positionsShared explorationLock speedFull tech treeHidden civsTurbo modeCheats
Victory
Defeat
🇺🇸 Mongols · United States
1156
+15
🇺🇸 Persians · United States
1134
+16
🇦🇷 Huns · Argentina
1140
-15
🇦🇷 Magyars · Argentina
1140
-16
PlasticMind
10:32 Feudal Age
11:23 Feudal Age
10:16 Loom
15:28 Castle Age
13:43 Double-Bit Axe
15:10 Town Watch
25:06 Wheelbarrow
29:22 Imperial Age
27:40 Town Patrol
28:43 Fervor
28:46 Fletching
28:57 Padded Archer Armor
29:37 Bodkin Arrow
29:34 Gold Mining
29:25 Pikeman
31:55 Ballistics
31:29 Crossbowman
32:35 Thumb Ring
33:47 Parthian Tactics
33:57 Conscription
33:25 Elite Skirmisher
34:34 Bracer
36:00 Chemistry
34:57 Murder Holes
35:22 Bloodlines
36:07 Leather Archer Armor
38:05 Masonry
40:11 Forging
41:26 Scale Barding Armor
41:57 Iron Casting
44:25 Blast Furnace
44:19 Husbandry
43:41 Cavalier
45:08 Hand Cart
eze402
13:17 Feudal Age
15:13 Double-Bit Axe
15:14 Horse Collar
15:33 Gold Mining
18:28 Castle Age
17:09 Wheelbarrow
16:19 Loom
16:58 Fletching
17:35 Scale Barding Armor
20:05 Bloodlines
19:58 Husbandry
20:58 Bow Saw
24:59 Heavy Plow
26:15 Town Watch
27:15 Stone Mining
28:02 Gold Shaft Mining
29:18 Corvinian Army
33:15 Imperial Age
31:38 Thumb Ring
33:29 Ballistics
34:23 Parthian Tactics
34:36 Conscription
35:22 Chain Barding Armor
36:03 Recurve Bow
37:54 Chemistry
36:28 Heavy Cavalry Archer
37:31 Masonry
38:18 Siege Engineers
38:21 Padded Archer Armor
41:28 Bodkin Arrow
41:49 Leather Archer Armor
42:27 Bracer
44:04 Ring Archer Armor
44:10 Plate Barding Armor
45:38 Ring Archer Armor
45:44 Plate Barding Armor
46:09 Hoardings
48:13 Caravan
barcafan258
11:39 Feudal Age
12:31 Loom
15:27 Castle Age
14:05 Double-Bit Axe
19:01 Bow Saw
18:32 Horse Collar
19:22 Stone Mining
25:43 Heavy Plow
25:51 Pikeman
26:45 Forging
26:41 Scale Barding Armor
26:36 Scale Mail Armor
30:32 Chain Mail Armor
30:55 Iron Casting
33:39 Imperial Age
32:30 Chain Barding Armor
34:03 Stone Shaft Mining
33:19 Gold Mining
35:49 Chemistry
35:10 Ballistics
34:55 Husbandry
35:06 Bloodlines
34:17 Cavalier
35:11 Halberdier
38:09 Gold Shaft Mining
38:15 Wheelbarrow
41:13 Savar
42:31 Plate Barding Armor
42:56 Blast Furnace
46:22 Caravan
51:38 Plate Mail Armor
51:00 Fletching
52:07 Citadels
bwhauf
10:44 Feudal Age
12:00 Double-Bit Axe
14:56 Castle Age
13:15 Horse Collar
15:47 Bow Saw
22:46 Wheelbarrow
27:09 Hand Cart
29:52 Imperial Age
28:28 Thumb Ring
28:35 Bloodlines
28:26 Husbandry
28:31 Heavy Plow
28:25 Stone Mining
28:27 Gold Mining
28:33 Fletching
28:45 Padded Archer Armor
29:11 Ballistics
30:17 Bodkin Arrow
31:10 Conscription
31:26 Parthian Tactics
31:02 Bracer
31:18 Leather Archer Armor
32:06 Chemistry
31:03 Loom
31:05 Town Watch
31:49 Elite Mangudai
33:42 Stone Shaft Mining
35:19 Capped Ram
36:34 Siege Ram
38:08 Drill
39:03 Onager
40:29 Siege Onager
41:32 Scale Barding Armor
41:37 Forging
42:09 Crossbowman
43:04 Siege Engineers
44:19 Herbal Medicine
45:54 Caravan
51:09 Light Cavalry
52:10 Chain Barding Armor
52:26 Iron Casting
52:01 Hussar
56:47 Blast Furnace
Connection lost

Rejoining the realm…

Still unreachable

The connection could not be restored.

Session expired

The server has moved on; the page needs a fresh start.